 Dungeon Crawl Stone Soup version 0.29-a0-352-g0917bc69df (webtiles) character file.

Game seed: 15679068865416939674

84 jlumianski the Skirmisher (level 4, -7/36 HPs)
             Began as a Demonspawn Fighter on Apr 23, 2022.
             Mangled by an ogre
             ... wielding a +0 giant spiked club
              (9 damage)
             ... on level 2 of the Dungeon.
             The game lasted 00:07:43 (2154 turns).

jlumianski the Skirmisher (Demonspawn Fighter)      Turns: 2154, Time: 00:07:43

Health: -7/36      AC:  9    Str: 18    XL:     4   Next: 23%
Magic:  4/4        EV:  6    Int:  9    God:
Gold:   147        SH:  5    Dex: 15    Spells: 3/3 levels left

rFire   . . .      SeeInvis .   a - +0 war axe
rCold   . . .      Faith    .   c - +0 buckler
rNeg    . . .      Spirit   .   k - +0 chain mail
rPois   .          Reflect  .   (helmet restricted)
rElec   .          Harm     .   (no cloak)
rCorr   .          Rampage  .   (no gloves)
Will    .....                   (no boots)
Stlth   ..........              i - amulet of magic regeneration
HPRegen 0.12/turn               f - ring of wizardry
MPRegen 0.49/turn               (no ring)

@: mighty
A: horns 1, thin skeletal structure 1
a: no special abilities


You were on level 2 of the Dungeon.
You visited 1 branch of the dungeon, and saw 5 of its levels.

You collected 147 gold pieces.

Inventory:

Hand Weapons
 a - a +0 war axe (weapon)
 j - the +5 dagger of Agaefu Gocso {chaos, rCorr SInv Stlth-}
   (You found it on level 3 of the Dungeon)

   Each time it hits an enemy it has a different, random effect.
   SInv:      It lets you see invisible.
   rCorr:     It protects you from acid and corrosion.
   Stlth:     It makes you less stealthy.
Missiles
 o - 87 stones (quivered)
Armour
 b - a +0 scale mail
 c - a +0 buckler (worn)
 k - a +0 chain mail (worn)
Jewellery
 f - a ring of wizardry (left hand)
 i - an amulet of magic regeneration (around neck)
Wands
 n - a wand of flame (21)
Scrolls
 e - a scroll of immolation
 h - a scroll of blinking
Potions
 g - a potion of mutation {unknown}
 l - a potion of flight
 p - a potion of haste


   Skills:
 + Level 3.6 Fighting
 + Level 2.9 Axes
 + Level 3.1 Armour
 + Level 0.3 Dodging
 + Level 2.9 Shields


You had 3 spell levels left.
You didn't know any spells.
Your spell library contained the following spells:

 Spells                   Type           Power      Damage    Failure   Level
 Beastly Appendage        Tmut           0%         N/A       94%         1
 Wereblood                Tmut           0%         N/A       98%         2
 Frozen Ramparts          Ice            0%         1d2       100%        3
 Spider Form              Tmut/Pois      0%         N/A       100%        3
 Ice Form                 Ice/Tmut       0%         N/A       100%        4
 Summon Ice Beast         Ice/Summ       0%         N/A       100%        4


Dungeon Overview and Level Annotations

Branches:
Dungeon (5/15)
 Temple: D:4-7

Altars:
Nemelex Xobeh
Xom

Annotations:
D:5 Dowan, Duvessa


Innate Abilities, Weirdness & Mutations

You have a pair of small horns on your head.
You have a somewhat thin skeletal structure. (Dex +2, Stealth+)


Message History

The endoplasm closely misses you.
You completely miss the endoplasm.
The endoplasm jiggles.
The endoplasm freezes you.
You are frozen.
You hit the endoplasm.
The endoplasm is heavily wounded.
The endoplasm completely misses you.
You slash the endoplasm!
You kill the endoplasm!
There is a stone staircase leading down here.
Done exploring.
(D) Dungeon
Where to? (Enter - D:2, ? - help)
What level of the Dungeon? (default 1, ? - help)
There is a stone staircase leading down here.
You climb downwards.
You block the ogre's attack.
There is a stone staircase leading up here.
You block the ogre's attack.
You climb upwards.
There is a stone staircase leading down here.
You feel very mighty all of a sudden. The ogre barely misses you.
You slash the ogre!
The ogre is moderately wounded.
The ogre barely misses you.
You hit the ogre.
The ogre is heavily wounded.
The ogre hits you with a +0 giant spiked club!!
Ouch! That really hurt!
You hit the ogre.
The ogre is severely wounded.
You slash the ogre!
The ogre is almost dead.
The ogre hits you with a +0 giant spiked club!
* * * LOW HITPOINT WARNING * * *
You barely miss the ogre.
The ogre is almost dead.
The ogre hits you with a +0 giant spiked club!
You die...

############
#..........# #########
#..........# #........
#.......[..# #........
#.<........# #[..>....
#..........# #........
#..........# #........
#####..#..#### #.[......
#.###..@.#######........
#.# #..O.............#.#
##.#
#####...########....
#..# ##..# ####. #.##
##.### ## #.# #...### #
#.# ##....#### # #.#
###.....##### #.#
#.###......


You could see an ogre.

Vanquished Creatures
  3 adders
  2 dart slugs
  An orc (D:3)
  5 ball pythons
  2 bats (D:1)
  7 endoplasms
  2 goblins (D:1)
  10 hobgoblins
  4 jackals (D:1)
  2 quokkas
  4 frilled lizards
  3 rats
45 creatures vanquished.

Notes
Turn   | Place    | Note
-------+----------+-------------------------------------------
     0 | D:1      | jlumianski the Demonspawn Fighter began the quest for the
                  | Orb.
     0 | D:1      | Reached XP level 1. HP: 18/18 MP: 1/1
   116 | D:1      | Gained mutation: You have a somewhat thin skeletal
                  | structure. (Dex +2, Stealth+) [demonic ancestry]
   116 | D:1      | Reached XP level 2. HP: 24/24 MP: 2/2
   530 | D:3      | Identified the +5 dagger of Agaefu Gocso {chaos, rCorr SInv
                  | Stlth-}
   572 | D:4      | Found a shimmering altar of Xom.
   629 | D:5      | Entered Level 5 of the Dungeon
   646 | D:5      | Noticed Dowan
   646 | D:5      | Noticed Duvessa
   921 | D:2      | Reached XP level 3. HP: 29/29 MP: 3/3
   977 | D:3      | Found a sparkling altar of Nemelex Xobeh.
   998 | D:3      | Noticed an ogre
  1074 | D:1      | Found a faded altar of an unknown god.
  1774 | D:2      | Gained mutation: You have a pair of small horns on your
                  | head. [demonic ancestry]
  1774 | D:2      | Reached XP level 4. HP: 35/35 MP: 4/4
  2154 | D:2      | Mangled by an ogre

Illustrated notes

Levels and vault maps discovered:
D:1:      eino_arrival_tree_alley, layout_basic,
          shapermc_ecumenical_altar_mp_vishouse
D:2:      layout_rooms, fountainhead
D:3:      layout_loops_ring, lemuel_crystal_altar, vehumet_statue,
          nicolae_shop_unique_rings
D:4:      layout_rooms, mainiacjoe_overflow_boulevard, gammafunk_ghost_grave,
          serial_bayou_lake_a
D:5:      layout_basic, kennysheep_little_box, gammafunk_ghost_arena,
          uniq_sigmund, uniq_duvessa

Skill      XL: |  1  2 |
---------------+-------+-----
Axes           | 2 |  2.9
Armour         | 3 |  3.1
Fighting       | |  3.6
Dodging        | |  0.3
Shields        | |  2.9

Action                   |  1- 3 |  4- 6 || total
-------------------------+-------+-------++-------
Melee: War axe           |   100 |    22 ||   122
       Headbutt          |       |     2 ||     2
  Use: Scroll            |     5 |       ||     5
       Potion            |       |     1 ||     1
Armor: Scale mail        |    26 |       ||    26
       Chain mail        |    33 |    12 ||    45
Dodge: Dodged            |    46 |     9 ||    55
Block: Buckler           |    24 |     3 ||    27

Table legend: (Time is in decaauts)
 A = Elapsed time spent in this place.
 B = Non-inter-level travel time spent in this place.
 C = Inter-level travel time spent in this place.
 D = Time resting spent in this place.
 E = Time spent auto-exploring this place.
 F = Levels seen in this place.
 G = Mean time per level.
                   A        B        C        D        E       F      G
               +--------+--------+--------+--------+--------+-----+--------+
         Total |   2210 |   2139 |     71 |      0 |   1273 |   5 |  442.0 |
       Dungeon |   2210 |   2139 |     71 |      0 |   1273 |   5 |  442.0 |
               +--------+--------+--------+--------+--------+-----+--------+

Top non-repeatable levels by time:
     D:1: 1252 daAuts
     D:2: 623 daAuts
     D:3: 238 daAuts
     D:4: 66 daAuts
     D:5: 28 daAuts
